 Dungeon Crawl Stone Soup version 0.19-a0-45-g2c295ea (webtiles) character file.

6505 Kenran the Cleaver (level 10, -3/95 HPs)
             Began as a Minotaur Fighter on May 5, 2016.
             Was an Elder of Okawaru.
             Slain by a basilisk (6 damage)
             ... on level 8 of the Dungeon.
             The game lasted 00:23:06 (9040 turns).

Kenran the Cleaver (Minotaur Fighter)               Turns: 9040, Time: 00:23:07

Health: -3/95      AC: 16    Str: 23    XL:     10   Next: 69%
Magic:  9/9        EV:  2    Int:  5    God:    Okawaru [****..]
Gold:   556        SH:  0    Dex: 11    Spells: 0 memorised, 9 levels left

rFire  . . .     SeeInvis .     a - +0 war axe
rCold  . . .     Gourm    .     F - +0 plate armour
rNeg   + + +     Faith    .     c - +0 shield
rPois  ∞         Spirit   .     (helmet restricted)
rElec  .         Dismiss  .     t - +0 cloak
rCorr  .         Reflect  +     q - +1 pair of gloves
SustAt .         Harm     .     (no boots)
MR     .....                    m - +2 amulet of reflection
Stlth  ..........               (no ring)
                                (no ring)

@: lethally poisoned (-3 -> -3), exhausted, petrified, slowed, not resistant to
hostile enchantments, extremely unstealthy
A: retaliatory headbutt, horns 2
a: Heroism, Renounce Religion


You were on level 8 of the Dungeon.
You worshipped Okawaru.
Okawaru was greatly pleased with you.
You were hungry.

You visited 2 branches of the dungeon, and saw 10 of its levels.

You collected 556 gold pieces.

Inventory:

Hand Weapons
 a - a +0 war axe (weapon)
Armour
 c - a +0 shield (worn)
 q - a +1 pair of gloves (worn)
 t - a +0 cloak (worn)
 F - a +0 plate armour (worn)
Jewellery
 m - a +2 amulet of reflection (around neck)
 I - a cursed -3 ring of protection {unknown}
 J - a +3 ring of protection {unknown}
Wands
 A - a wand of iceblast (7/15)
Scrolls
 b - 3 scrolls of enchant armour
 e - 2 scrolls of blinking {unknown}
 h - a scroll of noise {unknown}
 i - 6 scrolls of identify {unknown}
 k - 2 scrolls of fear {unknown}
 l - a scroll of random uselessness {unknown}
 p - 2 scrolls of recharging {unknown}
 s - 2 scrolls of enchant weapon {unknown}
 v - a scroll of immolation {unknown}
 y - a scroll of fog {unknown}
 C - a scroll of remove curse {unknown}
 D - a scroll of magic mapping {unknown}
 G - a scroll of teleportation {unknown}
Potions
 d - 2 potions of might
 j - a potion of ambrosia {unknown}
 n - a potion of flight {unknown}
 o - a potion of invisibility {unknown}
 r - a potion of berserk rage
 x - a potion of lignification {unknown}
 B - 2 potions of magic
 E - a potion of cure mutation {unknown}
 H - a potion of mutation {unknown}
Books
 w - a book of Party Tricks

   Spells                             Type                      Level
   a - Summon Butterflies             Summoning                    1
   b - Apportation                    Translocation                1
   c - Tukima's Dance                 Hexes                        3
   d - Alistair's Intoxication        Transmutation/Poison         5
   e - Invisibility                   Hexes                        6
Comestibles
 f - 6 bread rations
 g - 8 meat rations
 u - 8 slices of pizza
 z - 4 beef jerkies
 K - 5 chunks of flesh


   Skills:
 - Level 11.0 Fighting
 - Level 14.6 Axes
 + Level 7.3 Armour
 - Level 3.6 Shields


You had 9 spell levels left.
You didn't know any spells.

Dungeon Overview and Level Annotations

Branches:
Dungeon (9/15)             Temple (1/1) D:6
   Lair: D:8-11         Orc: D:9-12

Altars:
Ashenzari
Cheibriados
Dithmenos
Elyvilon
Fedhas
Kikubaaqudgha
Makhleb
Nemelex Xobeh
Okawaru
Pakellas
Qazlal
Ru
Sif Muna
Trog
Vehumet
Xom
Zin
The Shining One


Innate Abilities, Weirdness & Mutations

You reflexively headbutt those who attack you in melee.
You have a pair of horns on your head.


Message History

You resist with some effort. The wasp stings you but does no damage.
The basilisk bites you.
* * * LOW HITPOINT WARNING * * *
Your limbs are stiffening.
You hit the basilisk.
The basilisk is heavily wounded.
You miss the wasp.
The wasp is heavily wounded.
You slash the basilisk!
The basilisk is almost dead.
The wasp stings you but does no damage.
The basilisk bites you but does no damage. x2
You have turned to stone.
You are no longer berserk.
You feel yourself slow down.
You are feeling hungry.
The wasp stings you but does no damage. The basilisk gazes at you.
You resist with some effort. The basilisk bites you!
You die...

###### #..... #..... #.....
#..... ##### ####### #.....
##...#######l@l..########.....
#....#......y)...#........###+
#....'...........#........'...
#....#...........'........#...
#######...##.....#........#...
#.....###+##.....#........#...
#.....#..........#.....#######
#.....#..........#.....#
#.....#..........#.....#


You could see 2 basilisks and a wasp.

Vanquished Creatures
  Joseph (D:7)
  The ghost of Grangar the Chopper, a novice HOFi (D:5)
  Sigmund (D:4)
  A human (D:7)
  A hog (D:7)
  2 insubstantial wisps (D:9)
  A hungry ghost (D:8)
  A water moccasin (D:8)
  2 porcupines (D:9)
  3 sky beasts
  Duvessa (D:7)
  An ice beast (D:8)
  3 black bears
  A necrophage (D:6)
  A wasp (D:9)
  5 ogres
  3 phantoms
  3 centaurs
  3 crocodiles
  A big kobold (D:8)
  2 giant frogs
  Dowan (D:7)
  6 scorpions
  9 wights
  5 howler monkeys
  A giant frog zombie (D:6)
  9 crimson imps
  A centaur zombie (D:5)
  2 jellies (D:6)
  An orc priest (D:7)
  A hound (D:6)
  10 orc wizards
  Jessica (D:3)
  8 worker ants
  3 sheep (D:7)
  A hound zombie (D:7)
  2 hound skeletons
  2 howler monkey zombies
  A worker ant zombie (D:7)
  A howler monkey skeleton (D:6)
  11 gnolls
  13 adders
  2 river rats
  4 white imps (D:7)
  2 oozes
  2 adder skeletons (D:4)
  4 worms
  2 dart slugs
  5 giant geckos
  28 orcs
  2 ball pythons
  5 bats
  7 giant cockroaches
  7 goblins
  3 hobgoblins
  19 jackals
  2 quokkas
  4 giant newts
  A jackal zombie (D:8)
  10 kobolds
  A quokka zombie (D:6)
  6 rats
243 creatures vanquished.

Vanquished Creatures (others)
  A centaur (D:8)
  2 plants (D:9)
3 creatures vanquished.

Grand Total: 246 creatures vanquished

Notes
Turn   | Place    | Note
--------------------------------------------------------------
     0 | D:1      | Kenran the Minotaur Fighter began the quest for the Orb.
     0 | D:1      | Reached XP level 1. HP: 19/19 MP: 0/0
    82 | D:1      | Reached skill level 3 in Axes
   179 | D:1      | Reached XP level 2. HP: 26/26 MP: 1/1
   283 | D:1      | Reached skill level 4 in Axes
   528 | D:2      | Reached XP level 3. HP: 30/31 MP: 2/2
   572 | D:2      | Found a burning altar of Makhleb.
   712 | D:2      | Found a radiant altar of Vehumet.
   713 | D:2      | Found an oddly glowing altar of Pakellas.
   983 | D:2      | Reached skill level 5 in Axes
  1083 | D:3      | Reached XP level 4. HP: 39/39 MP: 3/3
  1481 | D:3      | Reached skill level 6 in Axes
  1648 | D:3      | Reached XP level 5. HP: 21/45 MP: 4/4
  1883 | D:3      | Noticed Jessica
  1890 | D:3      | Killed Jessica
  2124 | D:3      | Found a glowing silver altar of Zin.
  2239 | D:3      | Reached skill level 7 in Axes
  2618 | D:3      | Reached XP level 6. HP: 32/51 MP: 5/5
  2791 | D:3      | Reached skill level 8 in Axes
  2853 | D:4      | Noticed Sigmund
  3003 | D:4      | You fall through a shaft for 2 floors!
  3013 | D:6      | Reached skill level 9 in Axes
  3019 | D:6      | Reached XP level 7. HP: 19/57 MP: 6/6
  3245 | D:6      | Found a staircase to the Ecumenical Temple.
  3254 | Temple   | Entered the Ecumenical Temple
  3437 | Temple   | Became a worshipper of Warmaster Okawaru
  3784 | D:6      | Reached skill level 10 in Axes
  4063 | D:6      | Reached skill level 11 in Axes
  4158 | D:6      | Reached XP level 8. HP: 49/64 MP: 7/7
  4257 | D:6      | Reached * piety under Okawaru
  4395 | D:6      | Found a burning altar of Makhleb.
  4410 | D:6      | Reached skill level 12 in Axes
  4870 | D:7      | Reached skill level 13 in Axes
  4945 | D:7      | Found a shadowy altar of Dithmenos.
  5014 | D:7      | Noticed Dowan
  5016 | D:7      | Noticed Duvessa
  5019 | D:7      | Killed Dowan
  5030 | D:7      | Killed Duvessa
  5030 | D:7      | Reached ** piety under Okawaru
  5118 | D:7      | Reached XP level 9. HP: 54/70 MP: 8/8
  5132 | D:7      | Reached skill level 14 in Axes
  5638 | D:7      | Noticed Joseph
  5656 | D:7      | Killed Joseph
  5656 | D:7      | Reached skill level 5 in Fighting
  5838 | D:7      | Reached *** piety under Okawaru
  5917 | D:7      | Found a sacrificial altar of Ru.
  5991 | D:7      | Found a snail-covered altar of Cheibriados.
  6220 | D:5      | Entered Level 5 of the Dungeon
  6534 | D:5      | Noticed Grangar's ghost (novice HOFi)
  6555 | D:5      | Killed Grangar's ghost
  7194 | D:4      | Reached XP level 10. HP: 90/90 MP: 9/9
  7255 | D:4      | Found a white marble altar of Elyvilon.
  7613 | D:4      | Killed Sigmund
  7924 | D:8      | Reached **** piety under Okawaru
  7987 | D:8      | Reached skill level 10 in Fighting
  8145 | D:8      | Found an ancient bone altar of Kikubaaqudgha.
  8632 | D:8      | Reached skill level 5 in Armour
  9036 | D:8      | HP: 6/142 [basilisk (6)]
  9040 | D:8      | Slain by a basilisk

Vault maps used:
D:1:      lightli_iron_boxes, kennysheep_decorative_pillar
D:2:      gammafunk_temple_overflow_statue, lemuel_crystal_altar, first_bread,
          grunt_ministairs_9
D:3:      lemuel_coloured_pillars_altar, gup_sewer_entry_spiral,
          minmay_misc_feat_pillars, minmay_misc_feat_iff, uniq_jessica
D:4:      lemuel_doored_altar, hex_large, uniq_sigmund
D:6:      makhleb_blood_cavern_becter
D:7:      marbit_many_paths, grunt_dithmenos_smoke, basic_altar,
          grunt_livestock, minmay_nine_imps, uniq_duvessa, uniq_joseph
D:8:      old_standard_altar
D:9:      minmay_lair_entry_grove, hangedman_misty_isle
Temple:   minmay_temple_forest_path_12

Skill      XL: |  1  2  3  4  5  6  7  8  9 10 |
---------------+-------------------------------+-----
Axes           | 3 4 5 6 7 9 11 13 14 | 14.6
Fighting       | 8 11 | 11.0
Armour         | 7 |  7.3
Shields        | |  3.6

Action                   |  1- 3 |  4- 6 |  7- 9 | 10-12 || total
-------------------------+-------+-------+-------+-------++-------
Melee: War axe           |    99 |   186 |   373 |   182 ||   840
       Headbutt          |    16 |    20 |    68 |    31 ||   135
Invok: Heroism           |       |       |     3 |     1 ||     4
  Use: Scroll            |       |       |     1 |       ||     1
       Potion            |       |       |       |     2 ||     2
  Eat: Chunk             |     1 |     6 |    11 |     8 ||    26
       Beef jerky        |       |       |     1 |       ||     1
       Fruit             |       |       |       |     2 ||     2
Armor: Scale mail        |    25 |       |       |       ||    25
       Chain mail        |    18 |    95 |   117 |       ||   230
       Plate armour      |       |       |    18 |   123 ||   141
Dodge: Dodged            |    26 |    41 |    47 |    33 ||   147
Block: Shield            |    47 |    81 |   131 |    86 ||   345
       Reflection        |       |       |       |     8 ||     8
